 Dungeon Crawl Stone Soup version 0.24-a0-269-g32ec7ca (console) character file.

Game seed: 5261458780053601596

7 Voker57 the Conjurer (level 1, 0/14 HPs)
             Began as a Draconian Conjurer on Apr 22, 2019.
             Succumbed to a goblin's poison
             ... on level 1 of the Dungeon.
             The game lasted 00:00:21 (419 turns).

Voker57 the Conjurer (Draconian Conjurer)            Turns: 419, Time: 00:00:22

Health: 0/14       AC:  4    Str: 10    XL:     1   Next: 91%
Magic:  3/3        EV: 12    Int: 15    God:
Gold:   10         SH:  0    Dex: 11    Spells: 3/4 levels left

rFire    . . .     SeeInvis .   (no weapon)
rCold    . . .     Gourm    .   (no shield)
rNeg     . . .     Faith    .   (armour unavailable)
rPois    .         Spirit   .   (helmet restricted)
rElec    .         Reflect  .   (no cloak)
rCorr    .         Harm     .   (no gloves)
MR       .....                  (no boots)
Stlth    ++........             (no amulet)
HPRegen  0.04/turn              (no ring)
MPRegen  0.08/turn              (no ring)

@: lethally poisoned (0 -> -17)
A: unfitting armour, cold-blooded, AC +4
a: no special abilities


You were on level 1 of the Dungeon.
You were not hungry.

You visited 1 branch of the dungeon, and saw 1 of its levels.

You collected 10 gold pieces.

Inventory:

Jewellery
 a - an uncursed ring of resist corrosion {unknown}
Scrolls
 c - a scroll of remove curse {unknown}
Comestibles
 b - a ration


   Skills:
 + Level 2.0 Dodging
 - Level 1.7 Stealth
 + Level 2.2 Spellcasting
 + Level 4.1 Conjurations


You had 3 spell levels left.
You knew the following spells:

 Your Spells              Type           Power        Failure   Level  Hunger
a - Magic Dart            Conj           ##..         4%          1    #......

Your spell library contained the following spells:

 Spells                   Type           Power        Failure   Level  Hunger
 Searing Ray              Conj           ##....       6%          2    ###....
 Dazzling Spray           Conj/Hex       #.....       28%         3    ###....
 Iskenderun's Mystic Bla  Conj           ##......     36%         4    #####..
 Force Lance              Conj/Tloc      #.......     67%         4    #####..
 Fulminant Prism          Conj/Hex       #.........   67%         4    #####..


Dungeon Overview and Level Annotations

Branches:
Dungeon (1/15)

Altars:


Innate Abilities, Weirdness & Mutations

Your plain brown scales are hard. (AC +4)
You cannot fit into any form of body armour.
You are cold-blooded and may be slowed by cold attacks.


Message History

You are too injured to fight recklessly!
You closely miss the goblin. The goblin barely misses you.
The kobold hits you but does no damage.
You hit the goblin.
The goblin is moderately wounded.
The goblin hits you with a +0 dagger of venom.
You are lethally poisoned!
You barely miss the goblin.
Your tail-slap misses the goblin.
The goblin is moderately wounded.
* * * LOW HITPOINT WARNING * * *
You feel sick. The kobold hits you with a +0 club.
* * * LOW HITPOINT WARNING * * *
The goblin hits you but does no damage.
You are more poisoned.
* * * LOW HITPOINT WARNING * * *
You feel sick.
The kobold throws a stone.
The stone closely misses you.
You see here a stone.
* * * LOW HITPOINT WARNING * * *
You feel sick.
You die...

##....######.#
#............#
#...(.########
...#(.(...)..#
############.# . # #.#
#. # #.# .. # #.# .# #
#.########..#
############....@.g....#
...................K...#
######################.#
.. ##


You could see a goblin and a kobold.

Vanquished Creatures
  2 leopard geckos (D:1)
  A giant cockroach (D:1)
  A kobold (D:1)
  A bat (D:1)
5 creatures vanquished.

Notes
Turn   | Place    | Note
-------+----------+-------------------------------------------
     0 | D:1      | Voker57 the Draconian Conjurer began the quest for the Orb.
     0 | D:1      | Reached XP level 1. HP: 14/14 MP: 3/3
   419 | D:1      | Succumbed to a goblin's poison

Levels and vault maps discovered:
D:1:      minmay_arrival_doors, layout_loops_ring

Skill      XL: |  1 |
---------------+----+-----
Dodging        | 2 |  2.0
Stealth        | |  1.7
Spellcasting   | |  2.2
Conjurations   | |  4.1

Action                   || total
-------------------------++-------
Melee: Unarmed           ||    41
       Tailslap          ||     4
 Stab: Sleeping          ||     1
Armor: Skin              ||    25
Dodge: Dodged            ||    34

Table legend:
 A = Non-vault XP
 B = Vault XP
 C = Vault XP percentage of total XP
 D = Non-vault monster count
 E = Vault monster count
 F = Vault count percentage of total count
                 A         B        C        D         E       F
            +---------+---------+-------+---------+---------+-------
      Total |      11 |       0 |   0.0 |       5 |       0 |   0.0
            +---------+---------+-------+---------+---------+-------
        D:1 |      11 |       0 |   0.0 |       5 |       0 |   0.0
            +---------+---------+-------+---------+---------+-------
